 Dungeon Crawl Stone Soup version 0.28-a0-1312-g71652a0310 (webtiles) character file.

Game seed: 7948292018980848489

5881 gimp the Spear-Bearer (level 10, -10/88 HPs)
             Began as a Demigod Wanderer on Dec 27, 2021.
             Mangled by a two-headed ogre (11 damage)
             ... on level 9 of the Dungeon.
             The game lasted 00:33:51 (15272 turns).

gimp the Spear-Bearer (Demigod Wanderer)           Turns: 15272, Time: 00:33:52

Health: -10/88     AC:  9    Str: 22    XL:     10   Next: 28%
Magic:  14/14      EV: 13    Int: 15    God:
Gold:   495        SH:  9    Dex: 15    Spells: 10/11 levels left

rFire   . . .      SeeInvis +   b - +0 trident
rCold   . . .      Faith    .   A - +0 buckler
rNeg    . . .      Spirit   .   y - +0 scale mail
rPois   .          Reflect  +   g - +0 helmet
rElec   .          Harm     .   i - +0 cloak
rCorr   .          Rampage  .   (no gloves)
Will    +....                   e - +0 pair of boots
Stlth   ..........              c - amulet of reflection
HPRegen 0.24/turn               d - ring of see invisible
MPRegen 0.14/turn               o - +4 ring of evasion

@: studying Maces & Flails
A: high mp 1, forlorn, divine attributes
a: no special abilities


You were on level 9 of the Dungeon.
You visited 2 branches of the dungeon, and saw 10 of its levels.
You also visited: Bailey.

You collected 495 gold pieces.

Inventory:

Hand Weapons
 a - a +3 spear
 b - a +0 trident (weapon)
Missiles
 s - 19 poisoned darts (quivered)
Armour
 e - a +0 pair of boots (worn)
 g - a +0 helmet (worn)
 i - a +0 cloak (worn)
 q - a +2 ring mail of poison resistance
 y - a +0 scale mail (worn)
 A - a +0 buckler (worn)
Jewellery
 c - an amulet of reflection (around neck)
 d - a ring of see invisible (left hand)
 l - an amulet of guardian spirit
 o - a +4 ring of evasion (right hand)
Wands
 x - a wand of digging (2)
Scrolls
 h - 2 scrolls of teleportation
 j - a scroll of identify
 p - a scroll of silence
 t - a scroll of fog
 B - 2 scrolls of enchant weapon
 D - a scroll of fear
Potions
 f - a potion of mutation
 k - a potion of magic
 m - a potion of haste
 n - 2 potions of might
 r - 2 potions of cancellation
 u - a potion of flight
 v - a potion of brilliance
 w - a potion of curing
 z - a potion of ambrosia


   Skills:
 + Level 8.2 Fighting
 * Level 12.3 Polearms
 - Level 1.0 Stealth
 - Level 1.0 Shields
 - Level 1.0 Spellcasting
 - Level 2.6 Translocations


You had 10 spell levels left.
You knew the following spells:

 Your Spells              Type           Power      Damage    Failure   Level
a - Apportation           Tloc           16%        N/A       32%         1

Your spell library contained the following spells:

 Spells                   Type           Power      Damage    Failure   Level
 Sting                    Tmut/Pois      0%         1d3       69%         1
 Gell's Gravitas          Tloc           8%         N/A       69%         3
 Poisonous Vapours        Pois/Air       0%         N/A       83%         2
 Stone Arrow              Conj/Erth      0%         3d7       96%         3
 Animate Armour           Summ/Erth      0%         N/A       100%        4
 Olgreb's Toxic Radiance  Pois           0%         N/A       100%        4
 Lehudib's Crystal Spear  Conj/Erth      0%         10d2      100%        8


Dungeon Overview and Level Annotations

Branches:
Dungeon (9/15)             Temple (0/1) D:7            Lair (1/6) D:8
    Orc (0/2) D:9          Bailey (visited)

Shops:
D:5 (

Annotations:
D:2 1 runed translucent door, Crazy Yiuf
D:4 3 runed translucent doors, chakani's ghost, novice VSBr


Innate Abilities, Weirdness & Mutations

You have an increased reservoir of magic. (+10% MP)
You shall have no god before yourself.
Your divine heritage dramatically boosts your attributes as you level up.


Message History

You are too injured to fight recklessly!
You are too injured to fight recklessly!
Reach: b) +0 trident
Press: ? - help, Dir - move target, f/p - two-headed ogre
Aim: a two-headed ogre, wielding two +0 giant clubs (almost dead, about 20% to evade your +0 trident)
You reach to attack!
You hit the two-headed ogre.
The two-headed ogre is almost dead.
Reach: b) +0 trident
Press: ? - help, Dir - move target, f/p - two-headed ogre
Aim: a two-headed ogre, wielding two +0 giant clubs (almost dead, about 20% to evade your +0 trident)
You hit the two-headed ogre but do no damage.
The two-headed ogre is almost dead.
The two-headed ogre hits you with a +0 giant club!!
* * * LOW HITPOINT WARNING * * *
You block the two-headed ogre's attack.
You take 27 damage, and have 16/88 hp.
MASSIVE DAMAGE!!
Reach: b) +0 trident
Press: ? - help, Dir - move target, p - two-headed ogre There's something in the way.
Reach: b) +0 trident
Press: ? - help, Dir - move target, f - two-headed ogre
Aim: a two-headed ogre, wielding two +0 giant clubs (almost dead, about 20% to evade your +0 trident)
You hit the two-headed ogre.
The two-headed ogre is almost dead.
The two-headed ogre hits you with a +0 giant club!!
* * * LOW HITPOINT WARNING * * *
The two-headed ogre misses you.
You take 18 damage, and have 1/88 hp.
MASSIVE DAMAGE!!
Reach: b) +0 trident
Press: ? - help, Dir - move target, f/p - two-headed ogre
Aim: a two-headed ogre, wielding two +0 giant clubs (almost dead, about 20% to evade your +0 trident)
You hit the two-headed ogre but do no damage.
The two-headed ogre is almost dead.
Reach: b) +0 trident
Press: ? - help, Dir - move target, f/p - two-headed ogre
Aim: a two-headed ogre, wielding two +0 giant clubs (almost dead, about 20% to evade your +0 trident)
Your scale mail prevents you from hitting the two-headed ogre.
The two-headed ogre is almost dead.
The two-headed ogre hits you with a +0 giant club!
You die...

#.....................#
#.<##..#
#.###....<......>.....#
#..##..# #.#
#.................# #..##..#
..# #.##..............#
#..##..# ..#
#.##..............####......#
..#
#.##.....................#..#
..#
#.##.....................#..#
..#
#.##.....................#..#
..#
#.##........@O...........#..#
..#
#.##........####.........#..#
..# #.##........#
#.........#..# ..#
#.##....<...# #.........#..#
..# #.##........# #.........#
..# #.##........##
#.........# ..#
#.##.........# #......(..#
..# #.##........>#
#.........# ..#
#.##........## #........>#


You could see a two-headed ogre.

Vanquished Creatures
  A deep elf pyromancer (D:8)
  A manticore (D:8)
  2 hornets (D:8)
  9 yaks
  A wyvern (D:9)
  A steam dragon (D:9)
  An acid dragon (D:8)
  3 water moccasins
  An ice beast (D:7)
  2 orc warriors
  3 ogres
  A necrophage (D:5)
  2 centaurs (D:9)
  A phantom (D:4)
  4 bullfrogs
  A kobold brigand (D:8)
  A gnoll sergeant (D:9)
  A scorpion (D:7)
  A wyvern zombie (D:5)
  3 killer bees
  2 howler monkeys
  2 jellies
  2 bullfrog zombies
  3 centaur zombies
  2 orc priests
  4 hounds
  3 bullfrog skeletons
  Ijyb (D:3)
  Terence (D:2)
  Natasha (thrice) (D:3 D:2)
  4 iguanas
  4 orc wizards
  A killer bee zombie (D:7)
  A howler monkey zombie (D:8)
  Robin (D:3)
  3 gnolls
  8 adders
  A shadow imp (D:5)
  4 ufetubi
  2 adder skeletons (D:4)
  A worm (D:4)
  A dart slug (D:4)
  18 orcs
  7 endoplasms
  4 giant cockroaches
  19 goblins
  11 hobgoblins
  3 jackals
  15 kobolds
  A quokka (D:2)
  7 ball pythons
  4 bats
  3 frilled lizards (D:2)
  2 rats (D:2)
188 creatures vanquished.

Vanquished Creatures (collateral kills)
  An iguana (D:5)
  4 orcs
  3 kobolds (Bailey)
8 creatures vanquished.

Vanquished Creatures (others)
  An orc warrior (Bailey)
  A centaur (D:6)
  A fungus (Lair:1)
  3 plants (Lair:1)
6 creatures vanquished.

Grand Total: 202 creatures vanquished

Notes
Turn   | Place    | Note
-------+----------+-------------------------------------------
     0 | D:1      | gimp the Demigod Wanderer began the quest for the Orb.
     0 | D:1      | gimp set off with the following items: a +2 spear, a +0
                  | buckler, a +0 robe; and the following spell memorised:
                  | Apportation; and the following spells available to
                  | memorise: Gell's Gravitas
     0 | D:1      | Reached XP level 1. HP: 17/17 MP: 4/4
    65 | D:1      | Reached skill level 2 in Polearms
   572 | D:1      | Reached XP level 2. HP: 12/24 MP: 5/5
  1375 | D:2      | Reached XP level 3. HP: 29/30 MP: 4/6
  1408 | D:2      | Reached skill level 3 in Polearms
  1883 | D:2      | Reached XP level 4. HP: 37/37 MP: 8/8
  2320 | D:2      | Found a runed translucent door.
  2321 | D:2      | Noticed Crazy Yiuf
  2459 | D:3      | Noticed Ijyb
  2510 | D:3      | Noticed Robin
  2671 | D:3      | Reached skill level 4 in Polearms
  3006 | D:3      | Killed Robin
  3263 | D:3      | Killed Ijyb
  3264 | D:3      | Reached XP level 5. HP: 25/45 MP: 9/9
  3424 | D:3      | Noticed Natasha
  3440 | D:3      | Killed Natasha
  3587 | D:3      | Noticed Natasha
  3609 | D:3      | Killed Natasha
  3657 | D:3      | Noticed Terence
  3686 | D:3      | Noticed Natasha
  3700 | D:2      | Killed Natasha
  3852 | D:2      | Killed Terence
  4316 | D:3      | Reached skill level 5 in Polearms
  4539 | D:4      | Found a runed translucent gate.
  4539 | D:4      | Noticed chakani's ghost (novice VSBr)
  4540 | D:4      | Found a runed translucent gate.
  4540 | D:4      | Found a runed translucent gate.
  4602 | D:4      | Reached XP level 6. HP: 41/52 MP: 10/10
  5480 | D:4      | Reached skill level 6 in Polearms
  5708 | D:5      | Entered Level 5 of the Dungeon
  5878 | D:5      | Noticed a two-headed ogre
  5947 | D:4      | Reached XP level 7. HP: 26/60 MP: 11/11
  6517 | D:5      | Reached skill level 5 in Fighting
  6517 | D:5      | Reached skill level 7 in Polearms
  6739 | D:5      | Found Nyplizan's Antique Weapon Shoppe.
  7791 | D:6      | Reached skill level 8 in Polearms
  7791 | D:6      | Reached XP level 8. HP: 9/68 MP: 12/12
  8820 | D:7      | Found a flagged portal.
  9080 | D:7      | Reached skill level 9 in Polearms
  9122 | Bailey   | Entered a bailey
  9127 | Bailey   | Noticed an orc warlord
  9208 | Bailey   | Noticed an orc knight
  9836 | D:7      | Found a staircase to the Ecumenical Temple.
 10178 | D:8      | Found a staircase to the Lair.
 10216 | D:8      | Noticed a manticore
 10235 | D:8      | Killed a manticore
 10236 | D:8      | Reached XP level 9. HP: 53/75 MP: 13/13
 10407 | D:8      | Reached skill level 10 in Polearms
 10538 | D:8      | Noticed a deep elf pyromancer
 10937 | D:7      | Reached skill level 11 in Polearms
 12366 | D:9      | Found a staircase to the Orcish Mines.
 13040 | D:8      | Killed a deep elf pyromancer
 13080 | Lair:1   | Entered Level 1 of the Lair of Beasts
 13316 | Lair:1   | Reached XP level 10. HP: 82/88 MP: 14/14
 13636 | Lair:1   | Reached skill level 12 in Polearms
 13692 | Lair:1   | HP: 4/88 [poisoned by a cane toad]
 14901 | D:9      | Noticed a two-headed ogre
 15270 | D:9      | HP: 1/88 [two-headed ogre (18)]
 15272 | D:9      | Mangled by a two-headed ogre

Illustrated notes

Levels and vault maps discovered:
D:1:      dpeg_arrival_orchard, layout_basic, feat_on_display
D:2:      layout_loops_ring, cheibrodos_gnoll_hut, uniq_crazy_yiuf_cottage
D:3:      layout_loops_corners, ebering_ecumenical_altar_box,
          kennysheep_generic_room_3, uniq_ijyb, uniq_terence, uniq_robin,
          uniq_natasha
D:4:      layout_basic, mainiacjoe_overflow_boulevard,
          biasface_ghost_orc_armoury, minmay_manual_moon
D:5:      layout_layer_cave, serial_shops, nicolae_shop_crystal
D:6:      layout_gridville, minmay_misc_feat_roman
D:7:      layout_basic, temple_pool_b, enter_bailey_5
D:8:      layout_loops_ring, lair_entry_dummy
D:9:      layout_long_grid, orc_0_dummy, kennysheep_generic_room_14
Lair:1:   layout_regular_city, lemuel_fruit_tree, lemuel_fruit_fields

Skill      XL: |  1  2  3  4  5  6  7  8  9 10 |
---------------+-------------------------------+-----
Polearms       | 2 3 4 5 6 8 9 11 12 | 12.3
Fighting       | 2 3 4 5 6 7 8 |  8.2
Stealth        | |  1.0
Shields        | |  1.0
Spellcasting   | |  1.0
Translocations | |  2.6

Action                   |  1- 3 |  4- 6 |  7- 9 | 10-12 || total
-------------------------+-------+-------+-------+-------++-------
Melee: Spear             |   140 |   391 |   599 |   153 ||  1283
       Trident           |       |       |       |    38 ||    38
Throw: Dart              |       |       |     6 |       ||     6
Evoke: Wand              |       |       |    18 |     2 ||    20
  Use: Scroll            |       |       |    21 |     1 ||    22
       Potion            |       |       |     3 |       ||     3
 Stab: Sleeping          |       |     1 |       |       ||     1
       Betrayed ally     |       |       |     1 |       ||     1
       Paralysed         |       |       |     5 |       ||     5
Armor: Ring mail         |    44 |   115 |    83 |       ||   242
       Robe              |     6 |       |       |       ||     6
       Scale mail        |       |       |    37 |    13 ||    50
Dodge: Dodged            |    52 |    93 |   151 |    70 ||   366
Block: Buckler           |    24 |   116 |   169 |    55 ||   364
       Reflection        |       |     1 |     4 |     3 ||     8

Table legend: (Time is in decaauts)
 A = Elapsed time spent in this place.
 B = Non-inter-level travel time spent in this place.
 C = Inter-level travel time spent in this place.
 D = Time resting spent in this place.
 E = Time spent auto-exploring this place.
 F = Levels seen in this place.
 G = Mean time per level.
                   A        B        C        D        E       F      G
               +--------+--------+--------+--------+--------+-----+--------+
         Total |  15046 |  14328 |    718 |   2247 |   9116 |  11 | 1367.8 |
       Dungeon |  14366 |  13660 |    706 |   2247 |   8668 |   9 | 1596.2 |
          Lair |    577 |    565 |     12 |      0 |    421 |   1 |  577.0 |
        Bailey |    102 |    102 |      0 |      0 |     27 |   1 |  102.0 |
               +--------+--------+--------+--------+--------+-----+--------+

Top non-repeatable levels by time:
     D:8: 2394 daAuts
     D:7: 1900 daAuts
     D:3: 1633 daAuts
     D:5: 1550 daAuts
     D:2: 1513 daAuts
     D:6: 1489 daAuts
     D:4: 1446 daAuts
     D:1: 1339 daAuts
     D:9: 1097 daAuts
  Lair:1: 577 daAuts
  Bailey: 102 daAuts
